 Dungeon Crawl Stone Soup version 0.32-a0-401-g0bcb2a7693 (webtiles) character file.

Game seed: 9848231493331770247

140 Asfel the Grave Robber (level 5, -5/35 HPs)
             Began as a Demonspawn Necromancer on Feb 20, 2024.
             Slain by Grinder (8 damage)
             ... on level 3 of the Dungeon.
             The game lasted 00:09:54 (1964 turns).

Asfel the Grave Robber (Demonspawn Necromancer)     Turns: 1964, Time: 00:09:55

Health: -5/35      AC:  2    Str:  8 (9)  XL:     5   Next: 2%
Magic:  10/11      EV: 17    Int: 15 (17) God:
Gold:   66         SH:  0    Dex: 11 (13) Spells: 8/12 levels left

rFire   . . .        c - +0 flail (protect)
rCold   . . .        (no shield)
rNeg    . . .        a - +0 robe
rPois   .            (helmet restricted)
rElec   .            (no cloak)
rCorr   .            (no gloves)
SInv    +            (no boots)
Will    .....        (no amulet)
Stlth   ++           g - +5 ring of evasion
HPRegen 0.25/turn    m - ring of see invisible
MPRegen 0.12/turn

%: no passive effects
@: wreathed by umbra
A: claws 1, foul shadow 2, horns 1, deterioration 1, screaming 1
a: no special abilities


You were on level 3 of the Dungeon.
You visited 1 branch of the dungeon, and saw 3 of its levels.

You collected 86 gold pieces.
You spent 20 gold pieces at shops.

Inventory:

Hand Weapons
 c - a +0 flail of protection (weapon)
Armour
 a - a +0 robe (worn)
Jewellery
 g - a +5 ring of evasion (left claw)
 l - a ring of poison resistance
 m - a ring of see invisible (right claw)
Scrolls
 f - a scroll of fog
 h - a scroll of noise
 k - a scroll of enchant armour
Potions
 b - a potion of magic


   Skills:
 + Level 0.1 Fighting
 + Level 2.1 Dodging
 + Level 1.8 Stealth
 * Level 4.0 Spellcasting
 + Level 5.2 Necromancy


You had 8 spell levels left.
You knew the following spells:

 Your Spells              Type           Power      Damage    Failure   Level
a - Necrotise             Necr           72%        1d7       2%          1
b - Vampiric Draining     Necr           18%        2d7       6%          3

Your spell library contained the following spells:

 Spells                   Type           Power      Damage    Failure   Level
 Animate Dead             Necr           18%        N/A       22%         4
 Stone Arrow              Conj/Erth      6%         3d7       47%         3
 Curse of Agony           Necr           18%        N/A       52%         5
 Animate Armour           Summ/Erth      6%         N/A       87%         4
 Lehudib's Crystal Spear  Conj/Erth      1%         10d2      100%        8


Dungeon Overview and Level Annotations

Branches:
Dungeon (3/15)

Altars:

Shops:
D:2 ?

Annotations:
D:3 Grinder


Innate Abilities, Weirdness & Mutations

You have sharp fingernails.
You are shadowed, sometimes releasing foul flame when damaged in melee.
You have a pair of small horns on your head.
Your body sometimes deteriorates upon taking damage.
You occasionally shout uncontrollably at your foes.


Message History

Your headbutt misses Grinder.
Grinder is severely wounded.
Grinder misses you.
You barely miss Grinder.
Grinder is severely wounded.
Grinder gestures at you.
You barely resist. You hit Grinder.
Grinder is almost dead.
Grinder misses you. x2
You closely miss Grinder.
Grinder is almost dead.
Grinder hits you but does no damage.
You completely miss Grinder.
Grinder is almost dead.
Grinder gestures at you. Pain shoots through your body!
Grinder barely misses you.
You hit Grinder.
Your weapon exudes an aura of protection.
You headbutt Grinder, but do no damage.
Grinder is almost dead.
Grinder gestures at you. Pain shoots through your body!
* * * LOW HITPOINT WARNING * * *
You closely miss Grinder.
Grinder is almost dead.
Grinder gestures at you. You resist with significant effort.
You closely miss Grinder. Your headbutt misses Grinder.
Grinder is almost dead.
Grinder gestures at you. Pain shoots through your body!
* * * LOW HITPOINT WARNING * * *
Grinder gestures at you. You resist with significant effort.
You closely miss Grinder. You headbutt Grinder, but do no damage.
Grinder is almost dead.
Grinder hits you!
You die...
Grinder says, "Now the real fun starts!"

#.#.#####..##
####.#..5.....#
#....########.## #.####
##... #)# ##...# #.###
##..... #)#.## ##......
..#########....####.......
.........@5.).....'.......
..######.##.....###.......
#.#.#..#.# ##......
#.##.###.# ##..... #.##5
#.# ##..<# #.##. #.# ##+##
#.... ..# ####. ###


You could see Grinder.

Vanquished Creatures
  Terence (D:2)
  3 adders
  A dart slug (D:2)
  4 orcs (D:3)
  6 ball pythons
  5 endoplasms
  2 giant cockroaches (D:1)
  A goblin (D:1)
  3 hobgoblins
  3 jackals (D:2)
  A quokka (D:1)
  A bat (D:2)
  4 frilled lizards
  6 kobolds
  A rat (D:1)
  A spectral goblin (D:1)
43 creatures vanquished.

Vanquished Creatures (collateral kills)
  2 ball pythons
  An endoplasm (D:1)
3 creatures vanquished.

Grand Total: 46 creatures vanquished

Notes
Turn   | Place    | Note
-------+----------+-------------------------------------------
     0 | D:1      | Asfel the Demonspawn Necromancer began the quest for the
                  | Orb.
     0 | D:1      | Reached XP level 1. HP: 13/13 MP: 3/3
   137 | D:1      | Gained mutation: You have sharp fingernails. [demonic
                  | ancestry]
   137 | D:1      | Reached XP level 2. HP: 17/19 MP: 0/5
   325 | D:1      | Reached skill level 5 in Necromancy
   442 | D:1      | Found a faded altar of an unknown god.
   642 | D:1      | Gained mutation: You are faintly shadowed, very rarely
                  | releasing foul flame when damaged in melee. [demonic
                  | ancestry]
   642 | D:1      | Reached XP level 3. HP: 21/21 MP: 4/6
  1130 | D:2      | Found Zotan's Magic Scroll Shop.
  1403 | D:2      | Learned a level 3 spell: Vampiric Draining
  1436 | D:2      | Gained mutation: You are shadowed, sometimes releasing foul
                  | flame when damaged in melee. [demonic ancestry]
  1436 | D:2      | Reached XP level 4. HP: 30/30 MP: 5/8
  1614 | D:2      | Noticed Terence
  1621 | D:2      | Killed Terence
  1741 | D:2      | Bought a scroll of identify for 20 gold pieces
  1868 | D:3      | Noticed Grinder
  1876 | D:3      | Reached XP level 5. HP: 35/35 MP: 4/11
  1905 | D:3      | Gained mutation: You occasionally shout uncontrollably at
                  | your foes. [potion of mutation]
  1905 | D:3      | Gained mutation: Your body sometimes deteriorates upon
                  | taking damage. [potion of mutation]
  1905 | D:3      | Gained mutation: You have a pair of small horns on your
                  | head. [potion of mutation]
  1964 | D:3      | Slain by Grinder

Illustrated notes

Levels and vault maps discovered:
D:1:      roderic_octagonal_star, layout_loops_ring,
          dreamdust_ecumenical_altar_drowned_temple
D:2:      minmay_wonky_spiral, layout_rooms, serial_shops, shop, uniq_terence
D:3:      layout_loops_corners, uniq_grinder

Skill      XL: |  1  2  3  4 |
---------------+-------------+-----
Dodging        | 2 |  2.1
Necromancy     | 5 |  5.2
Spellcasting   | 3 4 |  4.0
Fighting       | |  0.1
Stealth        | |  1.8

Action                     |  1- 3 |  4- 6 || total
---------------------------+-------+-------++-------
  Melee: Unarmed           |    15 |       ||    15
         Flail             |       |    23 ||    23
         Headbutt          |       |     6 ||     6
   Cast: Necrotise         |    53 |    24 ||    77
         Vampiric Draining |       |     1 ||     1
    Use: Scroll            |       |     5 ||     5
         Potion            |       |     3 ||     3
 Armour: Robe              |    31 |    12 ||    43
  Dodge: Dodged            |    44 |    30 ||    74

Table legend: (Time is in decaauts)
 A = Elapsed time spent in this place.
 B = Non-inter-level travel time spent in this place.
 C = Inter-level travel time spent in this place.
 D = Time resting spent in this place.
 E = Time spent auto-exploring this place.
 F = Levels seen in this place.
 G = Mean time per level.
                   A        B        C        D        E       F      G
               +--------+--------+--------+--------+--------+-----+--------+
         Total |   1981 |   1931 |     50 |      0 |   1362 |   3 |  660.3 |
       Dungeon |   1981 |   1931 |     50 |      0 |   1362 |   3 |  660.3 |
               +--------+--------+--------+--------+--------+-----+--------+

Top non-repeatable levels by time:
     D:1: 1122 daAuts
     D:2: 641 daAuts
     D:3: 217 daAuts
